 Dungeon Crawl Stone Soup version 0.17.0-9-g801d43b (console) character file.

343 Kloppie the Skirmisher (level 6, 0/48 HPs)
             Began as a Demonspawn Fighter on Nov 10, 2015.
             Succumbed to poison (a potion of poison)
             ... on level 2 of the Dungeon.
             The game lasted 00:04:27 (1831 turns).

Kloppie the Skirmisher (Demonspawn Fighter)         Turns: 1831, Time: 00:04:28

Health: 0/48       AC:  8    Str: 24    XL:     6   Next: 31%
Magic:  6/6        EV:  7    Int:  9    God:
Gold:   95         SH: 10    Dex: 16    Spells: 0 memorised, 5 levels left

rFire  . . .     SeeInvis .     a - +0 war axe
rCold  . . .     Clarity  .     b - +0 scale mail
rNeg   . . .     SustAt   .     c - +0 shield
rPois  .         Gourm    .     (no helmet)
rElec  .         Spirit   .     (no cloak)
rCorr  .         Warding  .     g - +0 pair of gloves
rMut   .         Stasis   .     (no boots)
MR     .....                    (no amulet)
Stlth  +.........               (no ring)
                                (no ring)

@: mighty, lethally poisoned (0 -> -29), very slightly contaminated, hasted,
invisible, very quick, not resistant to hostile enchantments, very unstealthy
A: hooves 1, thin skeletal structure 2, rot immunity
a: no special abilities


You were on level 2 of the Dungeon.
You were not hungry.

You visited 1 branch of the dungeon, and saw 3 of its levels.

You collected 95 gold pieces.

Inventory:

Hand Weapons
 a - a +0 war axe (weapon)
Armour
 b - a +0 scale mail (worn)
 c - a +0 shield (worn)
 g - a +0 pair of gloves (worn)
 j - a +0 robe
Jewellery
 f - an uncursed ring of ice {unknown}
 h - an uncursed amulet of the gourmand {unknown}
 n - an uncursed ring of poison resistance {unknown}
Scrolls
 k - 2 scrolls of teleportation
 m - 2 scrolls of enchant armour {unknown}
 p - a scroll of blinking {unknown}
Potions
 d - a potion of might
Comestibles
 e - 2 bread rations
 i - 3 beef jerkies


   Skills:
 + Level 4.3 Fighting
 + Level 3.4 Axes
 + Level 3.9 Armour
 + Level 4.0 Shields


You had 5 spell levels left.
You didn't know any spells.

Dungeon Overview and Level Annotations

Branches:
Dungeon (3/15)

Altars:

Annotations:
D:3 Rationalist's ghost, amateur DsBe


Innate Abilities, Weirdness & Mutations

You have large cloven feet.
You have a moderately thin skeletal structure (Dex +4, Stealth+).
You are immune to rotting.


Message History

As you read the scroll labeled NOUD QUEFOSHRI, it crumbles to dust.
You feel strangely unstable.
It was a scroll of teleportation.
* * * LOW HITPOINT WARNING * * *
You feel very sick.
Read which item? (? for menu, Esc to quit)
Okay, then.
* * * LOW HITPOINT WARNING * * *
You feel sick.
* * * LOW HITPOINT WARNING * * *
You feel sick.
* * * LOW HITPOINT WARNING * * *
You feel sick.
* * * LOW HITPOINT WARNING * * *
You feel sick.
* * * LOW HITPOINT WARNING * * *
You feel sick.
* * * LOW HITPOINT WARNING * * *
You feel sick.
Your surroundings suddenly seem different.
You die...

######## #......####
#.........#########
#...)..((.^.......####
#....@.##.######......
#########.............
##......######.......
##........## ##......
#..........# ###.##.
#..>.......# #.##.
#..........# #.##.
#..........# #.##@
#....[.....# #.##.


There were no monsters in sight!

Vanquished Creatures
  Sigmund (D:2)
  A hound (D:3)
  An orc priest (D:3)
  Terence (D:2)
  Natasha (twice) (D:2)
  3 adders
  A worm (D:3)
  A giant gecko (D:3)
  4 orcs (D:3)
  A giant cockroach (D:1)
  2 hobgoblins (D:1)
  4 kobolds
  A quokka (D:2)
  A ball python (D:3)
  A bat (D:2)
  3 giant newts
  5 goblins
  2 jackals (D:3)
  5 rats
40 creatures vanquished.

Notes
Turn   | Place    | Note
--------------------------------------------------------------
     0 | D:1      | Kloppie the Demonspawn Fighter began the quest for the Orb.
     0 | D:1      | Reached XP level 1. HP: 18/18 MP: 1/1
   193 | D:1      | Gained mutation: You have a somewhat thin skeletal structure (Dex +2, Stealth). [demonic ancestry]
   193 | D:1      | Reached XP level 2. HP: 24/24 MP: 2/2
   850 | D:2      | Noticed Sigmund
   993 | D:2      | Noticed Natasha
  1000 | D:2      | Killed Natasha
  1000 | D:2      | Gained mutation: You have large cloven feet. [demonic ancestry]
  1000 | D:2      | Reached XP level 3. HP: 29/29 MP: 3/3
  1001 | D:2      | Noticed Terence
  1012 | D:2      | Killed Terence
  1012 | D:2      | Gained mutation: You have a moderately thin skeletal structure (Dex +4, Stealth+). [demonic ancestry]
  1012 | D:2      | Reached XP level 4. HP: 26/36 MP: 4/4
  1370 | D:3      | Gained mutation: You are immune to rotting. [demonic ancestry]
  1370 | D:3      | Reached XP level 5. HP: 27/42 MP: 5/5
  1567 | D:3      | Noticed Rationalist's ghost (amateur DsBe)
  1797 | D:2      | Noticed Natasha
  1811 | D:2      | Killed Natasha
  1817 | D:2      | Killed Sigmund
  1817 | D:2      | Reached skill level 4 in Fighting
  1817 | D:2      | Reached XP level 6. HP: 11/48 MP: 6/6
  1829 | D:2      | HP: 2/48 [poison (a potion of poison)]
  1831 | D:2      | Succumbed to poison (a potion of poison)

Action                   |  1- 3 |  4- 6 || total
-------------------------+-------+-------++-------
Melee: War axe           |    57 |    72 ||   129
  Use: Potion            |     1 |     5 ||     6
       Scroll            |       |     1 ||     1
  Eat: Chunk             |       |     3 ||     3
